 Dungeon Crawl Stone Soup version 0.19.1 (console) character file.

1771 Kloppie the Fighter (level 8, -9/105 HPs)
             Began as a Demonspawn Berserker on Dec 14, 2016.
             Was a High Priest of Trog.
             Killed from afar by a gargoyle (19 damage)
             ... with a stone arrow
             ... on level 6 of the Dungeon.
             The game lasted 00:07:30 (4815 turns).

Kloppie the Fighter (Demonspawn Berserker)          Turns: 4815, Time: 00:07:30

Health: -9/105     AC:  5    Str: 23    XL:     8   Next: 80%
Magic:  8/8        EV: 15    Int:  8    God:    Trog [*****.]
Gold:   433        SH:  0    Dex: 15    Spells: 0 memorised, 7 levels left

rFire  + . .     SeeInvis .     a - +0 falchion
rCold  . . .     Gourm    .     r - +0 ring mail (curse)
rNeg   . . .     Faith    .     (no shield)
rPois  +         Spirit   .     z - +2 hat
rElec  .         Reflect  .     (no cloak)
rCorr  .         Harm     .     (no gloves)
MR     .....                    (no boots)
Stlth  ..........               (no amulet)
                                q - +4 ring of evasion
                                p - ring of poison resistance

@: berserking, very quick
A: fangs 1, rugged brown scales 1, blink, deformed body, fire resistance 1,
spiny 1
a: Blink, Berserk, Trog's Hand, Brothers in Arms, Burn Spellbooks, Renounce
Religion


You were on level 6 of the Dungeon.
You worshipped Trog.
Trog was extremely pleased with you.
You were very hungry.

You visited 1 branch of the dungeon, and saw 6 of its levels.

You collected 433 gold pieces.

Inventory:

Hand Weapons
 a - a +0 falchion (weapon)
Armour
 r - a cursed +0 ring mail (worn)
 z - a +2 hat (worn)
Jewellery
 p - a ring of poison resistance (left hand)
 q - a +4 ring of evasion (right hand)
Wands
 b - a wand of slowing (28/48)
 o - a wand of heal wounds (3/9)
 t - a wand of flame (1/48)
 A - a wand of digging (11/24)
 C - a wand of iceblast (6/15)
Scrolls
 e - 2 scrolls of fear
 g - a scroll of recharging
 h - 4 scrolls of remove curse
 i - 2 scrolls of magic mapping
 k - a scroll of fog {unknown}
 l - 3 scrolls of enchant armour {unknown}
 m - 5 scrolls of amnesia {unknown}
 w - a scroll of blinking {unknown}
 y - a scroll of teleportation {unknown}
Potions
 v - 3 potions of curing
 x - a potion of haste
Comestibles
 c - 4 bread rations
 f - 7 fruits
 j - 2 chunks of flesh
 s - a meat ration
 B - a beef jerky


   Skills:
 + Level 8.3 Fighting
 - Level 8.2 Long Blades
 - Level 1.7 Armour
 - Level 1.7 Dodging


You had 7 spell levels left.
You didn't know any spells.

Dungeon Overview and Level Annotations

Branches:
Dungeon (6/15)             Temple (0/1) D:4

Altars:
Gozag
Makhleb
Nemelex Xobeh
Yredelemnul


Innate Abilities, Weirdness & Mutations

You are partially covered in rugged brown scales. (AC +1, +3% HP)
Your flesh is heat resistant. (rF+)
You are partially covered in sharp spines.
You have very sharp teeth.
You can translocate small distances at will.
Armour fits poorly on your strangely shaped body.


Message History

The gargoyle is lightly damaged.
The gargoyle hurls a stone arrow at you.
The stone arrow misses you.
You hit the gargoyle.
You bite the gargoyle, but do no damage.
The gargoyle is moderately damaged.
You barely miss the gargoyle. Your bite misses the gargoyle.
The gargoyle is moderately damaged.
The gargoyle barely misses you.
You hit the gargoyle.
The gargoyle is moderately damaged.
You barely miss the gargoyle.
The gargoyle is moderately damaged.
The gargoyle hurls a stone arrow at you.
The stone arrow misses you.
You hit the gargoyle.
The gargoyle is heavily damaged.
The gargoyle hurls a stone arrow at you.
The stone arrow hits you!
You die...

#..#.(.#
#..##.... #..#
####
#..########
#..........
##.########
#......>.. .##
#..######....!
#.....@9....#
#.#######...#
...# .# _..###
⌠.⌠. #.. ###


You could see a gargoyle.

Vanquished Creatures
  The ghost of M4edhros the Insei, an amateur OpNe of Cheibriados (D:5)
  A water moccasin (D:5)
  Duvessa (D:5)
  An ogre (D:4)
  2 centaurs
  A bullfrog (D:4)
  Dowan (D:5)
  A scorpion (D:4)
  2 crimson imps (D:5)
  A jelly (D:5)
  2 hounds
  3 orc wizards
  Ijyb (D:2)
  4 orc priests
  A gnoll shaman (D:4)
  Jessica (D:3)
  Natasha (thrice) (D:2 D:3)
  5 worker ants
  A hound skeleton (D:4)
  A worker ant zombie (D:2)
  3 gnolls (D:4)
  10 adders
  3 adder skeletons
  6 worms
  2 dart slugs
  3 leopard geckos
  35 orcs
  A ball python (D:4)
  7 bats
  A bat skeleton (D:2)
  5 giant cockroaches
  2 gnoll zombies (D:5)
  8 goblins
  17 hobgoblins
  14 jackals
  A quokka (D:4)
  6 frilled lizards
  3 kobolds
  2 leopard gecko skeletons
  A leopard gecko zombie (D:2)
  2 quokka skeletons (D:4)
  6 rats
172 creatures vanquished.

Notes
Turn   | Place    | Note
-------+----------+-------------------------------------------
     0 | D:1      | Kloppie the Demonspawn Berserker began the quest for the Orb.
     0 | D:1      | Reached XP level 1. HP: 18/18 MP: 1/1
    52 | D:1      | Gained mutation: You are partially covered in sharp spines. [demonic ancestry]
    52 | D:1      | Reached XP level 2. HP: 9/24 MP: 2/2
   381 | D:1      | Reached XP level 3. HP: 29/29 MP: 3/3
   382 | D:1      | Reached ** piety under Trog
   686 | D:2      | Noticed Natasha
   700 | D:2      | Killed Natasha
   700 | D:2      | Gained mutation: Your flesh is heat resistant. (rF+) [demonic ancestry]
   700 | D:2      | Reached XP level 4. HP: 35/35 MP: 4/4
   758 | D:2      | Found an opulent altar of Gozag.
  1057 | D:2      | Noticed Ijyb
  1073 | D:2      | Killed Ijyb
  1073 | D:2      | Reached skill level 5 in Long Blades
  1384 | D:2      | Noticed Natasha
  1394 | D:2      | Killed Natasha
  1394 | D:2      | Reached XP level 5. HP: 21/41 MP: 5/5
  2018 | D:3      | Reached *** piety under Trog
  2091 | D:3      | Noticed a centaur
  2100 | D:3      | Killed a centaur
  2100 | D:3      | Reached XP level 6. HP: 34/47 MP: 6/6
  2128 | D:3      | Noticed Natasha
  2154 | D:3      | Killed Natasha
  2411 | D:3      | Noticed Jessica
  2416 | D:3      | Killed Jessica
  2915 | D:4      | Gained mutation: You are partially covered in rugged brown scales. (AC +1, +3% HP) [demonic ancestry]
  2915 | D:4      | Reached XP level 7. HP: 32/53 MP: 7/7
  2990 | D:4      | Reached **** piety under Trog
  3257 | D:4      | Found a staircase to the Ecumenical Temple.
  3796 | D:4      | Gained mutation: You have very sharp teeth. [potion of beneficial mutation]
  3797 | D:4      | Gained mutation: You can translocate small distances at will. [potion of mutation]
  3797 | D:4      | Gained mutation: Armour fits poorly on your strangely shaped body. [potion of mutation]
  3851 | D:5      | Entered Level 5 of the Dungeon
  3859 | D:5      | Noticed Duvessa
  3866 | D:5      | Noticed Dowan
  3867 | D:5      | Reached skill level 5 in Fighting
  3867 | D:5      | Reached XP level 8. HP: 53/63 MP: 8/8
  3873 | D:5      | Killed Duvessa
  3885 | D:5      | Killed Dowan
  4148 | D:5      | Reached ***** piety under Trog
  4311 | D:5      | Noticed M4edhros's ghost (amateur OpNe)
  4319 | D:5      | Killed M4edhros's ghost
  4373 | D:5      | Found a burning altar of Makhleb.
  4375 | D:5      | Noticed a blizzard demon
  4379 | D:5      | Noticed an orange demon
  4465 | D:5      | Found a basalt altar of Yredelemnul.
  4799 | D:6      | Found a sparkling altar of Nemelex Xobeh.
  4799 | D:6      | Noticed a gargoyle
  4815 | D:6      | Killed from afar by a gargoyle

Skill      XL: |  1  2  3  4  5  6  7  8 |
---------------+-------------------------+-----
Long Blades    | 3 4 5 6 7 8 |  8.2
Fighting       | 5 8 |  8.3
Armour         | |  1.7
Dodging        | |  1.7

Action                   |  1- 3 |  4- 6 |  7- 9 || total
-------------------------+-------+-------+-------++-------
Melee: Falchion          |    68 |   204 |   230 ||   502
       Bite              |       |       |    21 ||    21
Invok: Berserk           |     3 |     5 |     5 ||    13
Evoke: Wand              |       |       |     1 ||     1
  Use: Potion            |       |       |     7 ||     7
       Scroll            |       |       |     5 ||     5
 Stab: Sleeping          |       |     1 |       ||     1
  Eat: Chunk             |     1 |     8 |    10 ||    19
       Meat ration       |       |     1 |       ||     1
Armor: Animal skin       |     9 |     3 |       ||    12
       Chain mail        |       |    70 |    67 ||   137
       Scale mail        |       |       |    10 ||    10
Dodge: Dodged            |    54 |    60 |    68 ||   182
       Rpst.: Falchion   |    14 |    19 |    21 ||    54
